 Dungeon Crawl Stone Soup version 0.32-a0-401-g0bcb2a7693 (webtiles) character file.

Game seed: 11507598403001269954

97 Kenran the Slasher (level 4, -7/26 (33) HPs)
             Began as a Coglin Gladiator on Feb 20, 2024.
             Mangled by Terence
             ... wielding the +7 Throatcutter {drain, coup de grace}
              (12 damage)
             ... on level 2 of the Dungeon.
             The game lasted 00:04:31 (1988 turns).

Kenran the Slasher (Coglin Gladiator)               Turns: 1988, Time: 00:04:32

HP:   -7/26 (33)    AC:  7    Str: 11 (14) XL:     4   Next: 68%
MP:   4/4           EV: 12    Int:  5 (7)  God:
Gold: 107           SH:  0    Dex: 16 (18) Spells: 3/3 levels left

rFire   . . .        a - +0 long sword {Ruka}
rCold   + . .        o - +0 short sword {Harkiran}
rNeg    . . .        j - +0 troll leather armour
rPois   .            c - +0 helmet
rElec   .            (no cloak)
rCorr   .            (no gloves)
SInv    .            l - +2 pair of boots
Will    .....        (no amulet)
Stlth   +            f - ring of protection from cold
HPRegen 1.04/turn    (no ring)
MPRegen 0.09/turn

%: no passive effects
@: attractive, heavily drained
A: off-hand wielding, slow wielding, warmup strikes, legs shutdown
a: no special abilities


You were on level 2 of the Dungeon.
You visited 1 branch of the dungeon, and saw 3 of its levels.

You collected 107 gold pieces.

Inventory:

Hand Weapons
 a - a +0 long sword (weapon) {Ruka}
 o - a +0 short sword (worn) {Harkiran}
Missiles
 d - 3 throwing nets (quivered)
 e - a javelin
Armour
 c - a +0 helmet (worn)
 j - a +0 troll leather armour (worn)
 l - a +2 pair of boots (worn)
Jewellery
 f - a ring of protection from cold (left grasper)
Scrolls
 g - a scroll of amnesia
 i - a scroll of butterflies {unknown}
 k - a scroll of fog {unknown}
 p - a scroll of enchant weapon {unknown}
 q - a scroll of immolation {unknown}
 s - a scroll of teleportation {unknown}
Potions
 n - a potion of attraction {!q}


   Skills:
 - Level 2.0 Fighting
 + Level 5.3 Long Blades
 - Level 1.7 Throwing
 - Level 2.6 Dodging


You had 3 spell levels left.
You didn't know any spells.
Your spell library was empty.

Dungeon Overview and Level Annotations

Branches:
Dungeon (3/15)

Altars:

Shops:
D:1 ?[

Annotations:
D:2 1 runed translucent door, Crazy Yiuf, Terence


Innate Abilities, Weirdness & Mutations

You can wield a second weapon in your off-hand.
It takes a long time for you to wield or remove held weapons.
Your first few attacks do less damage.
Attacking and casting redirects power from your legs.


Message History

You hit Terence with your +0 short sword.
Terence is lightly wounded.
You hit Terence but do no damage.
Terence hits you with the +7 Throatcutter {drain, coup de grace}!
You feel drained.
Okay, then.
Okay, then.
Unknown command.
It was a potion of curing.
You feel better.
You are no longer unable to travel.
Terence hits you with the +7 Throatcutter {drain, coup de grace}.
You feel drained.
It was a potion of attraction.
You feel attractive to monsters.
Terence hits you with the +7 Throatcutter {drain, coup de grace}!
* * * LOW HITPOINT WARNING * * *
You feel drained.
* * * LOW HITPOINT WARNING * * *
Okay, then.
You feel better. Terence closely misses you.
It was a potion of degeneration.
There was something very wrong with that liquid.
You feel weakened.
You feel dopey.
You feel clumsy.
Terence hits you with the +7 Throatcutter {drain, coup de grace}.
You feel drained.
Okay, then.
As you read the scroll labelled YDAPHOMEUW, it crumbles to dust.
It is a scroll of identify.
g - a scroll of amnesia Terence hits you with the +7 Throatcutter {drain, coup de grace}.
* * * LOW HITPOINT WARNING * * *
You feel drained.
* * * LOW HITPOINT WARNING * * *
As you read the scroll labelled YRCHAU UFO PUU, it crumbles to dust.
Your body is wracked with pain!
* * * LOW HITPOINT WARNING * * *
Terence convulses!
It was a scroll of torment.
Terence hits you with the +7 Throatcutter {drain, coup de grace}!
You die...
Terence says, "Rest in peace."

#.##########.# #.# #.# #. #.#
#.# #.# #.# #. #.# #.# #.#
#.# #. #.# #.#####.# #.# #.
#.##########.......# #.# ##
#.##..........###### #.#
#.##.#######..#########.#####
#.##.# #.................
#.##.# #@##########.#####
#.##.#######@##########.#
#.##......##.........).(#
#........)...############
#########.##.........#
#.##.#######.# #.##.# #.#
##.##.### ##(########
#.......# #.#........


You could see Terence.

Vanquished Creatures
  2 adders (D:2)
  2 dart slugs (D:1)
  An orc (D:3)
  5 endoplasms
  A giant cockroach (D:1)
  4 goblins (D:1)
  6 hobgoblins
  A quokka (D:1)
  4 ball pythons
  5 bats
  2 frilled lizards (D:1)
  4 kobolds
  6 rats
43 creatures vanquished.

Notes
Turn   | Place    | Note
-------+----------+-------------------------------------------
     0 | D:1      | Kenran the Coglin Gladiator began the quest for the Orb.
     0 | D:1      | Reached XP level 1. HP: 16/16 MP: 1/1
    39 | D:1      | Reached XP level 2. HP: 21/22 MP: 2/2
   130 | D:1      | Found Ruphari's Magic Scroll Emporium.
   166 | D:1      | Reached skill level 4 in Long Blades
   252 | D:1      | Reached XP level 3. HP: 25/27 MP: 3/3
   257 | D:1      | Found Sikop's Armour Boutique.
  1135 | D:2      | Reached XP level 4. HP: 33/33 MP: 4/4
  1243 | D:2      | Reached skill level 5 in Long Blades
  1661 | D:2      | Found a runed translucent door.
  1663 | D:2      | Noticed Crazy Yiuf
  1959 | D:3      | Noticed Terence
  1988 | D:2      | Mangled by Terence

Illustrated notes

Levels and vault maps discovered:
D:1:      sevenhm_arrival_forest_fort_small_3, layout_basic, serial_shops,
          nicolae_shop_rolled_up, shop
D:2:      layout_loops_ring, serial_bayou_pond_a, uniq_crazy_yiuf_cottage
D:3:      layout_loops_cross, mainiacjoe_overflow_concentric_impassable,
          uniq_terence

Skill      XL: |  1  2  3  4 |
---------------+-------------+-----
Long Blades    | 4 5 |  5.3
Fighting       | |  2.0
Throwing       | |  1.7
Dodging        | |  2.6

Action                     |  1- 3 |  4- 6 || total
---------------------------+-------+-------++-------
  Melee: Long sword        |    91 |    23 ||   114
         Short sword       |     6 |    19 ||    25
    Use: Potion            |       |     4 ||     4
         Scroll            |       |     2 ||     2
   Stab: Sleeping          |       |     1 ||     1
 Armour: Leather armour    |    27 |       ||    27
         Troll leather arm |    17 |    13 ||    30
  Dodge: Dodged            |    70 |    18 ||    88

Table legend: (Time is in decaauts)
 A = Elapsed time spent in this place.
 B = Non-inter-level travel time spent in this place.
 C = Inter-level travel time spent in this place.
 D = Time resting spent in this place.
 E = Time spent auto-exploring this place.
 F = Levels seen in this place.
 G = Mean time per level.
                   A        B        C        D        E       F      G
               +--------+--------+--------+--------+--------+-----+--------+
         Total |   2004 |   1960 |     44 |     84 |   1351 |   3 |  668.0 |
       Dungeon |   2004 |   1960 |     44 |     84 |   1351 |   3 |  668.0 |
               +--------+--------+--------+--------+--------+-----+--------+

Top non-repeatable levels by time:
     D:1: 1064 daAuts
     D:2: 814 daAuts
     D:3: 124 daAuts
